Match 27840208
Unlisted

Match 27840208
End
Selects Armored Battlegroup
Selects Armored Battlegroup
Selects Assault Engineers
Assault Engineer Squad
Construct Weapon Support Center
M1919 Machine Gun Team
Assault Engineer Squad
Mechanized Support Center
Mortar Pit
Designate Forward Repair Station
M16 Multiple Gun Motor Carriage
Selects Fast Deploy
Sniper
M3 75 mm Gun Motor Carriage
M3 75 mm Gun Motor Carriage
Selects M31 Recovery Vehicle
Construct Tank Depot
Selects M8 Scott SPG
Selects UNKNOWN (2160077)
M4(105) Sherman Bulldozer
Mortar Pit
M4A3E8 Sherman Easy Eight
Improvised Armor
M31 Recovery Vehicle
Assault Engineer Squad
Selects War Machine
Insurmountable Odds
AcrossThePacific
JR1
BravoTwoZer0
Vinndi
Diogene
0
0

Comments sign in to comment!

No comments posted yet!